 Dungeon Crawl Stone Soup version 0.31-a0-1603-gbec6b6ccbf (webtiles) character file.

Game seed: 1978788720149766448

5296 Curundu the Severer (level 10, -1/77 HPs)
             Began as a Minotaur Berserker on Jan 7, 2024.
             Was an Elder of Trog.
             Slain by a red devil
             ... wielding a +0 trident
              (12 damage)
             ... on level 1 of the Abyss.
             The game lasted 00:37:02 (8004 turns).

Curundu the Severer (Minotaur Berserker)            Turns: 8004, Time: 00:37:03

Health: -1/77      AC: 12    Str: 31    XL:     10   Next: 37%
Magic:  9/9        EV:  9    Int:  7    God:    Trog [****..]
Gold:   552        SH:  4    Dex: 14    Spells: 9/9 levels left

rFire   x . .        D - +3 war axe
rCold   . . .        u - +0 buckler
rNeg    . . .        k - +0 chain mail
rPois   +            I - +0 hat {Int+3}
rElec   .            b - +1 cloak
rCorr   .            (no gloves)
SInv    +            v - +0 pair of boots
Will    ++...        p - amulet "Zianeonn" {Faith +Inv rF- Str+6 Dex+3 SInv} Stlth
                     z - ring of poison resistance
HPRegen 1.32/turn    (no ring)
MPRegen 0.11/turn

%: faith
@: strong-willed, spiked, regenerating, studying Throwing
A: horns 2, retaliatory headbutt
a: Renounce Religion, Evoke Invisibility, Berserk, Trog's Hand, Brothers in Arms


You were on level 1 of the Abyss.
You worshipped Trog.
Trog was greatly pleased with you.
You visited 1 branch of the dungeon, and saw 8 of its levels.
You visited the Abyss 1 time.

You collected 552 gold pieces.

Inventory:

Hand Weapons
 D - a +3 war axe (weapon)
Missiles
 r - 8 boomerangs (quivered)
 x - 14 poisoned darts
Armour
 b - a +1 cloak (worn)
 k - a +0 chain mail (worn)
 u - a +0 buckler (worn)
 v - a +0 pair of boots (worn)
 I - a +0 hat of intelligence (worn)
Jewellery
 d - an amulet of magic regeneration
 h - a ring of protection from fire
 p - the amulet "Zianeonn" (around neck) {Faith +Inv rF- Str+6 Dex+3 SInv}
   (You found it on level 2 of the Dungeon)

   [amulet of faith]

   Faith:     It allows you to gain divine favour quickly.
   Str+6:     It affects your strength (+6).
   Dex+3:     It affects your dexterity (+3).
   rF-:       It makes you vulnerable to fire.
   SInv:      It lets you see invisible.
   +Inv:      It lets you turn invisible.
 z - a ring of poison resistance (left hand)
 B - a ring of protection from fire
Wands
 n - a wand of iceblast (6)
 A - a wand of mindburst (19)
 E - a wand of light (7)
 G - a wand of charming (15)
Scrolls
 g - a scroll of fog
 i - 2 scrolls of fear
 j - 4 scrolls of teleportation
 s - a scroll of blinking
 w - 2 scrolls of vulnerability
 y - a scroll of silence
 F - a scroll of identify
 H - a scroll of immolation {unknown}
Potions
 e - 2 potions of enlightenment {unknown}
 f - a potion of might {unknown}
 m - a potion of mutation {unknown}
 o - 6 potions of curing
 t - a potion of resistance
 C - a potion of berserk rage {unknown}


   Skills:
 - Level 3.6 Fighting
 + Level 18.1 Axes
 - Level 2.4 Armour
 - Level 2.1 Dodging


You had 9 spell levels left.
You didn't know any spells.
Your spell library was empty.

Dungeon Overview and Level Annotations

Branches:
Dungeon (8/15)             Temple (0/1) D:4
   Lair: D:8-11

Altars:
Gozag

Annotations:
D:3 3 runed translucent doors, Curundu's ghost, amateur MiBe; PrincessEmiBear's ghost, amateur GrFi; THTSBRD's ghost, novice DsGl; justen's ghost, amateur OpSh
D:8 Psyche


Innate Abilities, Weirdness & Mutations

You have a pair of horns on your head.
You reflexively headbutt those who attack you in melee.


Message History

Barbed spikes become lodged in your body.
You feel much better.
You are engulfed in a cloud of scalding steam.
* * * LOW HITPOINT WARNING * * *
The liquid fire burns you!
* * * LOW HITPOINT WARNING * * *
You block the smoke demon's attack. The smoke demon misses you.
The smoke demon barely misses you.
The red devil hits you but does no damage.
You feel much better.
You are engulfed in a cloud of scalding steam.
The smoke demon hits you but does no damage. x3
The red devil closely misses you.
Your black bear goes berserk!
The smoke demon hits you but does no damage.
The smoke demon hits you. The smoke demon closely misses you.
The red devil hits you but does no damage.
Okay, then.
You slash the smoke demon!
The smoke demon is moderately wounded.
You slash the smoke demon!
The smoke demon is severely wounded.
The red devil barely misses you.
The smoke demon hits you but does no damage. x3
Your black bear rages.
You hit the smoke demon. You headbutt the smoke demon!
You kill the smoke demon!
Trog accepts your kill.
Your black bear looks sick.
The red devil hits you from afar with a +0 trident!
* * * LOW HITPOINT WARNING * * *
Barbed spikes become lodged in your body.
Your Axes skill increases to level 18!
Okay, then.
Your black bear rages.
The ancient zyme hits you.
* * * LOW HITPOINT WARNING * * *
The ancient zyme hits you but does no damage.
The red devil hits you from afar with a +0 trident!
You die...

# .. .##
##.##.#.. # .
.......# .#.##
#.#.. # ....
#.##....#....#
#..... ..#..#
...# ##4.# #.
. .. #x###.#
#. ##@...#
#h#.## ###.##
.# ## . ....##
#. .......# #
....# # .
.#..#. #.###.#
.


You could see an ancient zyme (ally target), a red devil and a friendly black
bear (summoned, berserk, sick).

Vanquished Creatures
  Gastronok (D:8)
  Maurice (D:7)
  A smoke demon (Abyss:1)
  Sigmund (D:2)
  A shadow (D:7)
  2 ynoxinuls (Abyss:1)
  A wyvern (D:8)
  2 water moccasins
  Duvessa (D:5)
  A sky beast (D:6)
  A black bear (D:4)
  An orc warrior (D:7)
  2 ogres
  A weeping skull (Abyss:1)
  2 gnoll sergeants
  2 bullfrogs (D:8)
  4 scorpions
  7 wights
  Dowan (D:4)
  2 killer bees (D:7)
  A bombardier beetle (D:4)
  Crazy Yiuf (D:2)
  3 hounds
  3 orc priests
  3 jellies
  2 gnoll boudas (D:6)
  3 iguanas
  Terence (D:2)
  4 orc wizards
  A sleepcap (D:5)
  Ijyb (D:4)
  9 adders
  15 gnolls
  A shadow imp (D:7)
  A white imp (D:6)
  4 dart slugs
  2 ribbon worms (D:2)
  15 orcs
  6 bats
  11 endoplasms
  A giant cockroach (D:2)
  12 goblins
  15 hobgoblins
  2 jackals (D:4)
  7 kobolds
  4 quokkas
  5 ball pythons
  5 frilled lizards
  5 rats
178 creatures vanquished.

Vanquished Creatures (others)
  A killer bee (D:7)
1 creature vanquished.

Grand Total: 179 creatures vanquished

Notes
Turn   | Place    | Note
-------+----------+-------------------------------------------
     0 | D:1      | Curundu the Minotaur Berserker began the quest for the Orb.
     0 | D:1      | Reached XP level 1. HP: 19/19 MP: 0/0
   101 | D:1      | Reached skill level 4 in Axes
   151 | D:1      | Reached XP level 2. HP: 12/26 MP: 1/1
   388 | D:1      | Reached skill level 5 in Axes
   508 | D:1      | Reached XP level 3. HP: 26/31 MP: 2/2
   510 | D:1      | Reached ** piety under Trog
   746 | D:2      | Noticed Terence
   770 | D:2      | Killed Terence
   854 | D:2      | Noticed Sigmund
   871 | D:2      | Killed Sigmund
   872 | D:2      | Reached skill level 7 in Axes
   872 | D:2      | Reached XP level 4. HP: 39/39 MP: 3/3
   872 | D:2      | Reached XP level 5. HP: 45/45 MP: 4/4
  1043 | D:2      | Reached skill level 8 in Axes
  1206 | D:2      | Reached XP level 6. HP: 51/51 MP: 5/5
  1208 | D:2      | Identified the amulet "Zianeonn" {Faith +Inv rF- Str+6
                  | Dex+3 SInv}
  1272 | D:2      | Found a faded altar of an unknown god.
  1465 | D:2      | Found a runed translucent door.
  1466 | D:2      | Noticed Crazy Yiuf
  1474 | D:2      | Killed Crazy Yiuf
  1820 | D:3      | Found a runed translucent gate.
  1821 | D:3      | Found a runed translucent gate.
  1821 | D:3      | Found a runed translucent gate.
  1825 | D:3      | Noticed THTSBRD's ghost (novice DsGl)
  1825 | D:3      | Noticed justen's ghost (amateur OpSh)
  1826 | D:3      | Noticed PrincessEmiBear's ghost (amateur GrFi)
  1826 | D:3      | Noticed Curundu's ghost (amateur MiBe)
  2646 | D:4      | Reached skill level 9 in Axes
  2647 | D:4      | HP: 1/51 [burnt (9)]
  2886 | D:4      | Reached XP level 7. HP: 45/57 MP: 6/6
  2936 | D:4      | Found a staircase to the Ecumenical Temple.
  2943 | D:4      | Reached *** piety under Trog
  2944 | D:4      | Reached skill level 10 in Axes
  3411 | D:4      | Noticed Ijyb
  3418 | D:4      | Killed Ijyb
  3636 | D:5      | Entered Level 5 of the Dungeon
  3906 | D:5      | Found an opulent altar of Gozag.
  3928 | D:5      | Reached skill level 11 in Axes
  4171 | D:5      | Noticed Duvessa
  4171 | D:5      | Noticed Dowan
  4225 | D:5      | Killed Duvessa
  4234 | D:4      | Killed Dowan
  4235 | D:4      | Reached XP level 8. HP: 54/64 MP: 7/7
  4449 | D:5      | Identified a scroll of acquirement
  4449 | D:5      | Acquired a manual of Throwing
  4521 | D:5      | Reached skill level 12 in Axes
  5338 | D:7      | Noticed Maurice
  5455 | D:6      | Reached skill level 13 in Axes
  5649 | D:7      | Maurice stole a +2 quarterstaff of chaos
  5653 | D:7      | Killed Maurice
  5654 | D:7      | Reached skill level 14 in Axes
  5749 | D:7      | Identified the +0 dagger "Vaduph" {holy, *Noise rElec Str+3
                  | Int+6}
  5813 | D:7      | Reached XP level 9. HP: 65/70 MP: 8/8
  5978 | D:6      | Reached skill level 15 in Axes
  5984 | D:6      | Reached **** piety under Trog
  7352 | D:8      | Reached skill level 16 in Axes
  7577 | D:8      | Noticed Gastronok
  7662 | D:8      | Killed Gastronok
  7663 | D:8      | Reached skill level 17 in Axes
  7663 | D:8      | Reached XP level 10. HP: 77/77 MP: 9/9
  7864 | D:8      | Noticed Psyche
  7869 | Abyss:1  | Cast into level 1 of the Abyss (Psyche)
  7988 | Abyss:1  | Noticed a smoke demon
  8003 | Abyss:1  | Killed a smoke demon
  8004 | Abyss:1  | Reached skill level 18 in Axes
  8004 | Abyss:1  | Slain by a red devil

Illustrated notes

Levels and vault maps discovered:
D:1:      ncdulo_smallfort, layout_basic, minmay_pentomino_q4
D:2:      cheibrodos_pilgrimage, layout_basic, dreamdust_ecumenical_altar_grove,
          uniq_sigmund, uniq_crazy_yiuf_cottage, uniq_terence
D:3:      layout_loops_ring, gammafunk_ghost_cemetery, minmay_goblin_outpost
D:4:      minmay_door_path, layout_loops_ring, temple_fountains, uniq_ijyb
D:5:      layout_basic, mainiacjoe_overflow_small_starburst, dk_noncrumbling_4,
          uniq_duvessa
D:6:      layout_basic
D:7:      layout_cave_pools, enter_bailey_4, nicolae_grassy_gnolls, uniq_maurice
D:8:      layout_loops_ring, uniq_psyche, uniq_gastronok
Abyss:1:  base: D:8, minivault_20, minivault_20

Skill      XL: |  1  2  3  4  5  6  7  8  9 10 |
---------------+-------------------------------+-----
Axes           | 4 5 7 8 9 11 14 17 18 | 18.1
Fighting       | |  3.6
Armour         | |  2.4
Dodging        | |  2.1

Action                     |  1- 3 |  4- 6 |  7- 9 | 10-12 || total
---------------------------+-------+-------+-------+-------++-------
  Melee: Hand axe          |    68 |       |       |       ||    68
         Headbutt          |    10 |    10 |    30 |     5 ||    55
         Trident           |     4 |    73 |   112 |       ||   189
         Quarterstaff      |       |     5 |       |       ||     5
         War axe           |       |       |   138 |    22 ||   160
  Throw: Boomerang         |       |       |    23 |       ||    23
 Invoke: Berserk           |     2 |     1 |     3 |       ||     6
         Trog's Hand       |     1 |     1 |     4 |     2 ||     8
         Brothers in Arms  |       |       |       |     1 ||     1
    Use: Scroll            |       |    11 |     6 |       ||    17
         Potion            |       |     2 |       |     2 ||     4
 Armour: Animal skin       |    40 |       |       |       ||    40
         Scale mail        |     1 |    56 |     6 |       ||    63
         Chain mail        |       |       |   217 |    31 ||   248
  Dodge: Dodged            |    56 |    46 |   116 |    13 ||   231
  Block: Buckler           |       |    10 |    54 |     4 ||    68

Table legend: (Time is in decaauts)
 A = Elapsed time spent in this place.
 B = Non-inter-level travel time spent in this place.
 C = Inter-level travel time spent in this place.
 D = Time resting spent in this place.
 E = Time spent auto-exploring this place.
 F = Levels seen in this place.
 G = Mean time per level.
                   A        B        C        D        E       F      G
               +--------+--------+--------+--------+--------+-----+--------+
         Total |   8048 |   8048 |      0 |   1585 |   4311 |   9 |  894.2 |
       Dungeon |   7916 |   7916 |      0 |   1555 |   4311 |   8 |  989.5 |
         Abyss |    131 |    131 |      0 |     30 |      0 |   1 |  131.0 |
               +--------+--------+--------+--------+--------+-----+--------+

Top non-repeatable levels by time:
     D:6: 1337 daAuts
     D:5: 1131 daAuts
     D:4: 1078 daAuts
     D:2: 1035 daAuts
     D:7: 956 daAuts
     D:3: 939 daAuts
     D:8: 797 daAuts
     D:1: 639 daAuts
 Abyss:1: 131 daAuts
